 Dungeon Crawl Stone Soup version 0.29-a0-322-g68df515428 (webtiles) character file.

Game seed: 8647337786338690240

2 Murumi the Vexing (level 1, 0/10 HPs)
             Began as a Vampire Enchanter on Apr 8, 2022.
             Slain by a hobgoblin (3 damage)
             ... on level 1 of the Dungeon.
             The game lasted 00:00:29 (123 turns).

Murumi the Vexing (Vampire Enchanter)                Turns: 123, Time: 00:00:30

Health: 0/10       AC:  2    Str:  7    XL:     1   Next: 33%
Magic:  3/3        EV: 12    Int: 17    God:
Gold:   15         SH:  0    Dex: 14    Spells: 4/4 levels left

rFire   . . .      SeeInvis +   a - +1 dagger
rCold   + + .      Faith    .   (no shield)
rNeg    + + +      Spirit   .   b - +0 robe
rPois   ∞          Reflect  .   (no helmet)
rElec   .          Harm     .   d - scarf {+Inv}
rCorr   .          Rampage  .   (no gloves)
Will    .....                   (no boots)
Stlth   +++++.....              (no amulet)
HPRegen 0.00/turn               (no ring)
MPRegen 0.08/turn               (no ring)

@: bloodless, inhibited regen
A: bloodless, fangs 3, see invisible, vampiric 1
a: Revivify, Evoke Invisibility


You were on level 1 of the Dungeon.
You visited 1 branch of the dungeon, and saw 2 of its levels.

You collected 15 gold pieces.

Inventory:

Hand Weapons
 a - a +1 dagger (weapon)
Armour
 b - a +0 robe (worn)
 d - a scarf of invisibility (worn)
Potions
 c - 2 potions of invisibility


   Skills:
 - Level 1.1 Short Blades
 - Level 2.1 Dodging
 - Level 4.4 Stealth
 - Level 2.0 Spellcasting
 + Level 4.7 Hexes


You had 4 spell levels left.
You didn't know any spells.
Your spell library contained the following spells:

 Spells                   Type           Power      Damage    Failure   Level
 Confusing Touch          Hex            17%        N/A       9%          3
 Tukima's Dance           Hex            17%        N/A       9%          3
 Ensorcelled Hibernation  Hex/Ice        18%        N/A       11%         2
 Dazzling Flash           Conj/Hex       18%        N/A       22%         3


Dungeon Overview and Level Annotations

Branches:
Dungeon (2/15)

Altars:


Innate Abilities, Weirdness & Mutations

You do not regenerate when monsters are visible.
You are frail without blood (-20% HP).
You can heal yourself when you bite living creatures.
You are immune to poison.
You have razor-sharp teeth.
You have supernaturally acute eyesight. (SInv)
You are afflicted with vampirism.


Message History

A frilled lizard comes into view.
Found 15 gold pieces.
There is an open door here.
The helpless frilled lizard fails to defend itself.
You bite the frilled lizard, and draw its blood!
You impale the frilled lizard!!
You kill the frilled lizard!
You now have 8 gold pieces.
You now have 15 gold pieces (gained 7).
There is an open door here.
Found a stone staircase leading down.
Found a robe. 2 kobolds come into view.
The kobold shouts! x2
The kobold throws a stone.
The stone hits you.
You hear a shout!
You barely miss the kobold. The kobold closely misses you.
You closely miss the kobold.
A hobgoblin comes into view.
The kobold hits you with a +0 short sword.
Ouch! That really hurt!
You are too injured to fight recklessly!
You are too injured to fight recklessly!
You hit the kobold but do no damage. The kobold barely misses you.
You barely miss the kobold. The kobold hits you but does no damage.
You hit the kobold.
The kobold is heavily wounded.
The kobold hits you with a +0 short sword.
* * * LOW HITPOINT WARNING * * *
You closely miss the kobold. You bite the kobold.
You kill the kobold!
You barely miss the kobold. The kobold closely misses you.
You hit the kobold but do no damage. You bite the kobold.
You kill the kobold!
You hit the hobgoblin.
The hobgoblin is almost dead.
You barely miss the hobgoblin.
The hobgoblin is almost dead.
The hobgoblin hits you.
You die...

.# #.#÷#.#. #..#
...# .#
#.###.#.##..###.#.#
.#
#.....#..........!
.#
#..<..#.......#.###
.# #.....# #........
.#############.#.#.#
................!..#
##############>#.###
#.#@# #.#g# #[#.#
#.#.# #.#.# #.#.#
#.# #.#


You could see a hobgoblin.

Vanquished Creatures
  2 kobolds (D:1)
  A frilled lizard (D:1)
3 creatures vanquished.

Notes
Turn   | Place    | Note
-------+----------+-------------------------------------------
     0 | D:1      | Murumi the Vampire Enchanter began the quest for the Orb.
     0 | D:1      | Reached XP level 1. HP: 13/13 MP: 3/3
    44 | D:1      | You fall into a shaft and drop 1 floor!
   123 | D:1      | Slain by a hobgoblin

Illustrated notes

Levels and vault maps discovered:
D:1:      nicolae_arrival_memento_mori, layout_basic
D:2:      layout_basic, basic_altar, chequers_serial_rivers_micro_b, uniq_robin

Action                   || total
-------------------------++-------
Melee: Dagger            ||    11
       Bite              ||     2
 Abil: Exsanguinate      ||     1
 Stab: Sleeping          ||     1
Armor: Robe              ||     1
Dodge: Dodged            ||     3

Table legend: (Time is in decaauts)
 A = Elapsed time spent in this place.
 B = Non-inter-level travel time spent in this place.
 C = Inter-level travel time spent in this place.
 D = Time resting spent in this place.
 E = Time spent auto-exploring this place.
 F = Levels seen in this place.
 G = Mean time per level.
                   A        B        C        D        E       F      G
               +--------+--------+--------+--------+--------+-----+--------+
         Total |    122 |    120 |      2 |      0 |     78 |   2 |   61.0 |
       Dungeon |    122 |    120 |      2 |      0 |     78 |   2 |   61.0 |
               +--------+--------+--------+--------+--------+-----+--------+

Top non-repeatable levels by time:
     D:1: 117 daAuts
     D:2: 4 daAuts
